 Dungeon Crawl Stone Soup version 0.31.0-11-ge490571c62 (webtiles) character file.

Game seed: 4965306226302640073

13138 Flugkiller the Grappler (level 11, 0/102 HPs)
             Began as a Troll Fighter on Jan 30, 2024.
             Was a High Priest of Okawaru.
             Slain by a komodo dragon (6 damage)
             ... while petrified by a basilisk
             ... on level 2 of the Lair of Beasts.
             The game lasted 00:13:47 (2911 turns).

Flugkiller the Grappler (Troll Fighter)             Turns: 2911, Time: 00:13:47

Health: 0/102      AC:  8    Str: 30    XL:     11   Next: 71%
Magic:  15/15      EV:  1    Int:  4    God:    Okawaru [*****.]
Gold:   0          SH:  0    Dex:  9    Spells: 10/10 levels left

rFire   . .          .
                       - Unarmed
rCold   . . .        b - +0 kite shield
rNeg    + + +        h - +0 steam dragon scales
rPois   ∞            (helmet restricted)
rElec   .            (no cloak)
rCorr   +            (gloves unavailable)
SInv    .            (boots unavailable)
Will    .....        A - amulet of faith
Stlth   +++          k - ring of resist corrosion
HPRegen 1.17/turn    o - ring of poison resistance
MPRegen 0.14/turn

%: faith
@: about to teleport, petrified, heroic
A: large, unfitting armour, claws 3, regeneration 1, shaggy fur 1, tough skin 1
a: Renounce Religion, Heroism, Finesse, Duel


You were on level 2 of the Lair of Beasts.
You worshipped Okawaru.
Okawaru was extremely pleased with you.
You visited 3 branches of the dungeon, and saw 14 of its levels.
You also visited: Ossuary.

Inventory:

Missiles
 e - 3 poisoned darts (quivered)
 j - 6 javelins
 y - a throwing net
 D - a boomerang
Armour
 b - a +0 kite shield (worn)
 h - +0 steam dragon scales (worn)
   (You found it on level 10 of the Dungeon)
 x - a +2 robe of willpower
   (You took it off Blork the orc on level 5 of the Dungeon)
Jewellery
 k - a ring of resist corrosion (left claw)
   (You found it on level 4 of the Dungeon)
 o - a ring of poison resistance (right claw)
   (You found it on level 6 of the Dungeon)
 A - an amulet of faith (around neck)
   (You found it on level 10 of the Dungeon)
Talismans
 r - a storm talisman
   (You found it on level 1 of the Lair of Beasts)
Wands
 c - a wand of digging (10)
   (You found it on level 7 of the Dungeon)
 l - a wand of polymorph (8)
   (You found it on level 4 of the Dungeon)
 u - a wand of light (12)
   (You found it on level 6 of the Dungeon)
Scrolls
 m - a scroll of amnesia
 n - 2 scrolls of enchant weapon
 v - 2 scrolls of fog
 z - 2 scrolls of enchant armour
 C - a scroll of poison {unknown}
Potions
 a - a potion of mutation {unknown}
 d - 2 potions of might
 f - 6 potions of curing {unknown}
 g - 3 potions of enlightenment
 i - a potion of berserk rage {unknown}
 p - a potion of magic {unknown}
 q - a potion of ambrosia {unknown}
 s - 2 potions of lignification {unknown}
 B - 2 potions of degeneration {unknown}


   Skills:
 - Level 5.0(10.0) Fighting
 + Level 7.0(12.0) Throwing
 - Level 2.4(7.4) Dodging
 - Level 5.0(10.0) Shields
 - Level 14.0(19.0) Unarmed Combat
 + Level 7.0 Invocations


You had 10 spell levels left.
You didn't know any spells.
Your spell library contained the following spells:

 Spells                   Type           Power      Damage    Failure   Level
 Sandblast                Erth           0%         2d4       65%         1
 Lesser Beckoning         Tloc           0%         N/A       80%         2
 Static Discharge         Conj/Air       0%         3-3/arc   80%         2
 Gell's Gravitas          Tloc           0%         N/A       95%         3
 Teleport Other           Tloc           0%         N/A       95%         3
 Volatile Blastmotes      Fire/Tloc      0%         2d10      95%         3
 Airstrike                Air            0%         2d(0-16)  100%        4
 Petrify                  Alch/Erth      0%         N/A       100%        4
 Eringya's Noxious Bog    Alch           0%         4d6       100%        6
 Ignition                 Fire           0%         3d3       100%        8
 Call Canine Familiar     Summ           Unusable   N/A       N/A         3
 Summon Ice Beast         Ice/Summ       Unusable   N/A       N/A         3
 Summon Lightning Spire   Summ/Air       Unusable   N/A       N/A         4
 Summon Forest            Summ/Tloc      Unusable   N/A       N/A         5
 Summon Hydra             Summ           Unusable   N/A       N/A         7
 Summon Horrible Things   Summ           Unusable   N/A       N/A         8

Dungeon Overview and Level Annotations

Branches:
Dungeon (11/15) Zot: 26829  Temple (1/1) D:6 Zot: 5981    Lair (2/5) D:10 Zot: 11756
Ossuary (visited)
  Swamp: Lair:2-3    Shoals: Lair:2-3     Snake: Lair:2-3    Spider: Lair:2-3
    Orc: D:9-12

Altars:
Ashenzari
Cheibriados
Dithmenos
Elyvilon
Fedhas
Gozag
Hepliaklqana
Kikubaaqudgha
Makhleb
Nemelex Xobeh
Okawaru
Qazlal
Ru
Sif Muna
Trog
Uskayaw
Vehumet
Wu Jian
Xom
Yredelemnul
Zin
The Shining One

Shops:
D:5 *   D:7 *

Annotations:
D:6 Dowan, Duvessa
D:8 3 runed translucent doors, kSektR's ghost, novice MiFi


Innate Abilities, Weirdness & Mutations

You are too large for most types of armour.
You have claws for hands.
Your natural rate of healing is unusually fast.
You are covered in fur. (AC +1)
You have tough skin. (AC +1)


Message History

Found a Fen Folio.
d - 2 potions of might (gained 1)
Found an escape hatch in the floor.
You pick up a Fen Folio and begin reading...
You add the spell Eringya's Noxious Bog to your library.
Found a stone staircase leading down.
A komodo dragon comes into view.
The komodo dragon hisses angrily.
A basilisk comes into view.
The basilisk hisses angrily.
Found 10 gold pieces.
Unknown command.
A blink frog comes into view.
Okay, then.
Okay, then.
Throw: 4 darts (poison)
Press: ? - help, Q - select action, (/) - cycle Shift-Dir - straight line, f - basilisk
Aim: a basilisk (50% to hit)
You throw a poisoned dart.
The poisoned dart closely misses the basilisk.
The blink frog gives a loud, deep croak!
The basilisk gazes at you.
You are slowing down.
You gain the combat prowess of a mighty hero.
Your limbs are stiffening.
Unknown command.
The basilisk bites you.
You have turned to stone.
The basilisk bites you!
The blink frog blinks!
The blink frog hits you. The basilisk gazes at you.
You resist with some effort. The komodo dragon bites you!
The blink frog blinks!
The basilisk gazes at you. You resist with some effort.
The komodo dragon bites you. The basilisk bites you.
The komodo dragon bites you! The basilisk gazes at you.
The komodo dragon bites you!!
The blink frog hits you but does no damage.
The basilisk gazes at you.
The komodo dragon bites you but does no damage.
The blink frog hits you but does no damage.
The blink frog hits you but does no damage.
The basilisk bites you! The komodo dragon bites you! The blink frog hits you!
The basilisk gazes at you. You resist with some effort.
The komodo dragon bites you! The blink frog hits you!
The blink frog blinks!
The basilisk gazes at you. You resist with some effort.
The komodo dragon bites you!
You turn to flesh and can move again.
Unknown command.
You barely miss the basilisk.
The basilisk bites you but does no damage.
The komodo dragon bites you!
* * * LOW HITPOINT WARNING * * *
Unknown command.
You scratch the basilisk but do no damage.
Unknown command.
You closely miss the basilisk. The basilisk bites you!
* * * LOW HITPOINT WARNING * * *
The komodo dragon bites you but does no damage.
Unknown command.
Okay, then.
You feel much better. The basilisk gazes at you. You resist with some effort.
You block the komodo dragon's attack.
Unknown command.
You miss the basilisk.
The blink frog blinks!
You block the basilisk's attack. The komodo dragon barely misses you.
Unknown command.
You mangle the basilisk!!
The basilisk is heavily wounded.
The basilisk closely misses you.
The komodo dragon bites you but does no damage.
Unknown command.
You closely miss the basilisk.
The basilisk is heavily wounded.
Unknown command.
You scratch the basilisk.
The basilisk is severely wounded.
The basilisk gazes at you.
You are slowing down.
The komodo dragon bites you!!
The blink frog hits you but does no damage.
As you read the scroll of teleportation, it crumbles to dust.
You feel strangely unstable. The basilisk gazes at you.
Your limbs have turned to stone.
The blink frog hits you!
* * * LOW HITPOINT WARNING * * *
The blink frog blinks!
The komodo dragon bites you!!
* * * LOW HITPOINT WARNING * * *
The basilisk gazes at you.
Your limbs have turned to stone.
The komodo dragon bites you!
* * * LOW HITPOINT WARNING * * *
You have turned to stone.
The basilisk bites you!
* * * LOW HITPOINT WARNING * * *
The komodo dragon bites you!
You die...

$.......###...........#.
........##...........#.
##......##..#..#.......
#(#.#.#.#.#.#.#.#P.....
.......................
#.#.#.#.#.#.#.#.#.#......
....>....................
.#.#.#.#l#.#.#.#.#.###.#
#.....Fl@...........# ###
##.....§............#
#..................#
#...#..####..........
#...#### ####......## #..
#.....P# P.. ......##


You could see a komodo dragon, a basilisk and a blink frog.

Vanquished Creatures
  An entropy weaver (shapeshifter) (D:10)
  Erolcha (D:9)
  A centaur warrior (D:10)
  A two-headed ogre (D:10)
  Pikel (D:8)
  A manticore (D:10)
  A deep elf pyromancer (D:10)
  2 gargoyles (D:10)
  2 cane toads
  A kobold demonologist (D:10)
  An efreet (D:10)
  3 komodo dragons
  A rime drake (Lair:1)
  A troll (D:10)
  2 hornets (D:10)
  Grinder (D:5)
  Sigmund (D:6)
  3 shadows
  2 yaks
  A wraith (D:9)
  3 wyverns (D:10)
  A vampire mosquito (D:10)
  2 steam dragons
  Menkaure (D:5)
  A water moccasin (Lair:1)
  An acid dragon (D:10)
  2 sky beasts
  5 orc warriors
  4 wolves (Lair:1)
  An ogre (D:4)
  5 centaurs
  A lemure (D:8)
  A phantom (D:6)
  Blork the orc (D:5)
  3 elf zombies (Ossuary)
  4 scorpions
  5 bullfrogs
  A gnoll sergeant (D:10)
  A burial acolyte (D:5)
  6 killer bees (D:9)
  An electric eel (D:10)
  2 bombardier beetles (D:5)
  A centaur zombie (Ossuary)
  2 human zombies (Ossuary)
  2 hounds
  2 jellies
  2 gnoll boudas
  3 orc priests
  An iguana (D:5)
  11 orc wizards
  2 crocodile zombies (Ossuary)
  A hound zombie (D:5)
  3 mummies
  8 gnolls
  5 adders
  2 shadow imps (D:4)
  A white imp (D:6)
  2 ufetubi (D:5)
  A dart slug (D:3)
  27 orcs
  A ball python (D:4)
  2 endoplasms (D:2)
  A giant cockroach (D:4)
  A goblin (D:4)
  3 hobgoblins (D:4)
  3 kobolds
  2 quokkas
  A bat (D:4)
170 creatures vanquished.

Vanquished Creatures (others)
  An unseen horror (D:10)
  A human (D:5)
  A dart slug (shapeshifter) (D:10)
3 creatures vanquished.

Grand Total: 173 creatures vanquished

Notes
Turn   | Place    | Note
-------+----------+-------------------------------------------
     0 | D:1      | Flugkiller the Troll Fighter began the quest for the Orb.
     0 | D:1      | Reached XP level 1. HP: 22/22 MP: 0/0
    50 | D:2      | Reached XP level 2. HP: 28/29 MP: 1/1
    54 | D:2      | Reached skill level 3 in Unarmed Combat
   145 | D:3      | Reached XP level 3. HP: 30/36 MP: 2/2
   181 | D:4      | Noticed an ogre
   197 | D:4      | Killed an ogre
   198 | D:4      | Reached skill level 5 in Unarmed Combat
   198 | D:4      | Reached XP level 4. HP: 44/44 MP: 3/3
   233 | D:4      | Reached XP level 5. HP: 50/50 MP: 4/4
   270 | D:4      | Got the Anthology of Invitation
   318 | D:4      | Noticed a centaur
   321 | D:4      | Reached skill level 6 in Unarmed Combat
   324 | D:4      | Killed a centaur
   325 | D:4      | Reached XP level 6. HP: 59/59 MP: 5/5
   455 | D:4      | Found a sand-covered staircase.
   463 | Ossuary  | Entered an ossuary
   493 | Ossuary  | Reached skill level 7 in Unarmed Combat
   532 | Ossuary  | Reached XP level 7. HP: 66/66 MP: 6/6
   541 | Ossuary  | Reached skill level 8 in Unarmed Combat
   630 | D:5      | Entered Level 5 of the Dungeon
   630 | D:5      | Noticed Blork the orc
   636 | D:5      | Killed Blork the orc
   676 | D:5      | Found Civud's Elemental Accessories.
   676 | D:5      | Noticed Grinder
   693 | D:5      | Paralysed by Grinder for 4 turns
   701 | D:5      | Paralysed by Grinder for 2 turns
   705 | D:5      | Killed Grinder
   706 | D:5      | Reached skill level 9 in Unarmed Combat
   722 | D:5      | Reached XP level 8. HP: 47/74 MP: 7/7
   811 | D:5      | Noticed Menkaure
   814 | D:5      | Killed Menkaure
   824 | D:5      | Reached skill level 10 in Unarmed Combat
   860 | D:6      | Noticed Sigmund
   865 | D:6      | Killed Sigmund
   930 | D:5      | Reached skill level 11 in Unarmed Combat
   964 | D:5      | Found an ancient bone altar of Kikubaaqudgha.
  1275 | D:6      | Found a staircase to the Ecumenical Temple.
  1285 | D:6      | Reached XP level 9. HP: 80/80 MP: 8/8
  1287 | Temple   | Entered the Ecumenical Temple
  1296 | Temple   | Became a worshipper of Warmaster Okawaru
  1449 | D:7      | Reached skill level 12 in Unarmed Combat
  1457 | D:7      | Reached skill level 1 in Invocations
  1466 | D:7      | Found a shimmering altar of Xom.
  1479 | D:7      | Reached skill level 1 in Throwing
  1517 | D:7      | Found Ament's General Store.
  1528 | D:6      | Noticed Duvessa
  1528 | D:6      | Noticed Dowan
  1594 | D:8      | Noticed Pikel
  1607 | D:8      | Killed Pikel
  1607 | D:8      | Reached * piety under Okawaru
  1647 | D:8      | Found a runed translucent gate.
  1647 | D:8      | Found a runed translucent gate.
  1647 | D:8      | Found a runed translucent gate.
  1647 | D:8      | Noticed kSektR's ghost (novice MiFi)
  1661 | D:8      | Noticed a manticore
  1831 | D:10     | Entered Level 10 of the Dungeon
  1846 | D:9      | Reached ** piety under Okawaru
  1902 | D:10     | Noticed a two-headed ogre
  1902 | D:10     | Noticed a gargoyle
  1902 | D:10     | Noticed a kobold demonologist
  1908 | D:10     | Killed a gargoyle
  1909 | D:10     | Reached XP level 10. HP: 56/92 MP: 8/11
  1911 | D:10     | Killed a two-headed ogre
  1917 | D:10     | Reached *** piety under Okawaru
  1927 | D:10     | Noticed a deep elf pyromancer
  1927 | D:10     | Noticed a swamp dragon
  1929 | D:10     | Noticed a manticore
  1933 | D:10     | Paralysed by a hornet for 1 turns
  1965 | D:9      | Noticed Erolcha
  1978 | D:9      | Reached skill level 5 in Shields
  1981 | D:9      | Killed Erolcha
  2134 | D:9      | Reached **** piety under Okawaru
  2230 | D:10     | Reached skill level 5 in Fighting
  2230 | D:10     | Reached skill level 13 in Unarmed Combat
  2272 | D:10     | Identified the +0 plate armour of Aceil {Will+}
  2363 | D:10     | Noticed an entropy weaver
  2379 | D:10     | Killed an entropy weaver
  2380 | D:10     | Reached skill level 5 in Throwing
  2380 | D:10     | Reached skill level 5 in Invocations
  2380 | D:10     | Reached XP level 11. HP: 63/102 MP: 5/13
  2389 | D:10     | Killed a deep elf pyromancer
  2437 | D:10     | Reached ***** piety under Okawaru
  2451 | D:10     | Got Sif Muna's Precepts of Soot and Scree
  2474 | D:10     | Noticed a centaur warrior
  2615 | D:10     | Killed a centaur warrior
  2649 | D:10     | Found a staircase to the Lair.
  2659 | Lair:1   | Entered Level 1 of the Lair of Beasts
  2807 | Lair:1   | Reached skill level 14 in Unarmed Combat
  2831 | Lair:2   | Received a gift from Okawaru
  2911 | Lair:2   | Slain by a komodo dragon

Illustrated notes

Levels and vault maps discovered:
D:1:      minmay_arrival_cross, layout_loops_ring, serial_shops, shop, shop,
          nicolae_shop_stone, nicolae_square_shop, nicolae_shop_rolling_square
D:2:      layout_basic, shapermc_ecumenical_altar_totnotflames,
          small_statue_intersection, minmay_goblin_kobold_house,
          uniq_crazy_yiuf_cottage
D:3:      kennysheep_goblin_castle, layout_basic, st_stairs_11, minmay_circle_x,
          uniq_robin
D:4:      layout_rooms, serial_library, serial_library_hellmonk_recessed_alcove,
          serial_library_hellmonk_octagon, serial_library_hellmonk_semicircle,
          serial_library_hellmonk_room_b,
          serial_library_hellmonk_reading_circle,
          serial_library_hellmonk_double_dead_end,
          serial_library_hellmonk_long_bookcase,
          serial_library_regret_index_branch_corner,
          serial_library_regret_index_small_wings, gup_ossuary_entry_pyramid
D:5:      layout_basic, tgw_kikubaaqudgha, nicolae_elemental_shop,
          minmay_manual_mares, uniq_menkaure, uniq_blork_the_orc, uniq_grinder
D:6:      layout_rooms, minmay_temple_entry_arrows,
          minmay_misc_feat_more_columns, minmay_misc_feat_doors, uniq_sigmund,
          uniq_duvessa
D:7:      layout_loops_ring, lemuel_round_altar, serial_shops, shop
D:8:      layout_loops_corners, gammafunk_ghost_split, uniq_pikel
D:9:      layout_loops_ring, serial_glass, glass_columns_a, glass_columns_b,
          uniq_erolcha
D:10:     nzn_winding_woodlands_cross [nzn_winding_woodlands_5x15_pool,
          nzn_winding_woodlands_5x15_lazy_stream,
          nzn_winding_woodlands_5x15_cabin, nzn_winding_woodlands_5x15_crooked,
          nzn_winding_woodlands_15x15_five_gardens], layout_irregular_city,
          david_lair_shrubbed
D:11:     nicolae_hitomezashi [nicolae_hito_row, nicolae_hito_row,
          nicolae_hito_row, nicolae_hito_row, nicolae_hito_row,
          nicolae_hito_row, nicolae_hito_row, nicolae_hito_row,
          nicolae_hito_row, nicolae_hito_row, nicolae_hito_row,
          nicolae_hito_row, nicolae_hito_row, nicolae_hito_row,
          nicolae_hito_row, nicolae_hito_row, nicolae_hito_row,
          nicolae_hito_row], layout_irregular_city, zombieorc2_lemuel,
          serial_shops, nicolae_shop_back_alley_shop
Temple:   nicolae_temple_bog_church
Lair:1:   wad_woods_structure_01, layout_regular_city, lemuel_fruit_tree,
          uniq_joseph
Lair:2:   layout_cellular_growth, st_stairs_13, lemuel_fruit_fields

Skill      XL: |  1  2  3  4  5  6  7  8  9 10 11 |
---------------+----------------------------------+-----
Unarmed Combat | 3 5 6 7 9 11 12 13 14 | 14.0
Shields        | 4 5 |  5.0
Invocations    | 3 5 7 |  7.0
Throwing       | 3 5 7 |  7.0
Fighting       | 4 5 |  5.0
Dodging        | |  2.4

Action                     |  1- 3 |  4- 6 |  7- 9 | 10-12 || total
---------------------------+-------+-------+-------+-------++-------
  Melee: Unarmed           |    28 |    81 |   249 |   181 ||   539
  Throw: Dart              |     3 |       |       |     5 ||     8
         Javelin           |       |       |     5 |    14 ||    19
 Invoke: Heroism           |       |       |     2 |     6 ||     8
         Finesse           |       |       |       |     2 ||     2
  Evoke: Wand              |       |       |       |    10 ||    10
    Use: Scroll            |       |     2 |     7 |     2 ||    11
         Potion            |       |       |       |     5 ||     5
   Stab: Paralysed         |       |       |       |     1 ||     1
 Armour: Robe              |    29 |    40 |   165 |    94 ||   328
         Steam dragon scal |       |       |       |    81 ||    81
  Dodge: Dodged            |    14 |    25 |    82 |    69 ||   190
  Block: Kite shield       |    21 |    26 |    84 |    94 ||   225
